 Dungeon Sprint DCSS version 0.31-a0-18-gea43df2a32 (webtiles) character file.

Game seed: 10474783813949462396

4694 sircluck the Brawler (level 10, -1/169 HPs)
             Began as a Troll Berserker on May 9, 2023.
             Was a High Priest of Trog.
             Slain by a swamp drake (2 damage)
             ... in the Dungeon (Sprint II: "The Violet Keep of Menkaure").
             The game lasted 00:05:39 (731 turns).

sircluck the Brawler (Troll Berserker)               Turns: 731, Time: 00:05:39

Health: -1/169     AC:  4    Str: 31    XL:     10   Next: 21%
Magic:  9/9        EV: 13    Int:  3    God:    Trog [*****.]
Gold:   537        SH:  0    Dex:  9    Spells: 9/9 levels left

rFire   . .          .
                       - Unarmed
rCold   . . .        (no shield)
rNeg    . . .        a - +0 animal skin
rPois   .            (helmet restricted)
rElec   .            (no cloak)
rCorr   .            (gloves unavailable)
SInv    .            (boots unavailable)
Will    .....        (no amulet) Stlth
                     (no ring)
HPRegen 1.28/turn    (no ring)
MPRegen 0.11/turn

%: no teleportation
@: berserking, lethally poisoned (-1 -> -15), slowed, unable to drink
A: large, unfitting armour, claws 3, regeneration 1, shaggy fur 1, tough skin 1,
inability to drink after injury 1
a: Renounce Religion, Berserk, Trog's Hand, Brothers in Arms


You were in the Dungeon.
You worshipped Trog.
Trog was extremely pleased with you.
You visited 1 branch You collected 897 gold pieces.
You spent 360 gold pieces at shops.

Inventory:

Armour
 a - a +0 animal skin (worn)
Jewellery
 h - an amulet of regeneration
Potions
 b - a potion of curing
 d - a potion of haste
 e - 2 potions of magic


   Skills:
 + Level 11.1 Fighting
 + Level 11.5 Dodging
 + Level 0.5 Stealth
 + Level 16.2 Unarmed Combat


You had 9 spell levels left.
You didn't know any spells.
Your spell library was empty.

Dungeon Overview and Level Annotations

Branches:
Dungeon (1/1)

Altars:
Cheibriados
Dithmenos
Elyvilon
Fedhas
Gozag
Hepliaklqana
Kikubaaqudgha
Makhleb
Nemelex Xobeh
Okawaru
Qazlal
Ru
Sif Muna
Trog
Uskayaw
Vehumet
Wu Jian
Xom
Yredelemnul
Zin
The Shining One
Jiyva
Lugonu

Shops:
D !:=[(?*!((:==[!

Annotations:
D exclusions: ice statue and oklob plant, Roxanne


Innate Abilities, Weirdness & Mutations

You are too large for most types of armour.
You have claws for hands.
Your natural rate of healing is unusually fast.
You are covered in fur. (AC +1)
You have tough skin. (AC +1)
You occasionally lose the ability to drink potions when taking damage.


Message History

You are confused.
You feel very sick. The swamp drake breathes poison at you.
The noxious blast engulfs you but does no damage.
You are more poisoned.
The swamp drake barely misses you. The death drake breathes miasma at you.
The foul vapour misses you. The death drake barely misses you.
The swamp drake bites you. The swamp drake barely misses you.
The death drake breathes miasma at you. The foul vapour engulfs you!
You are more poisoned.
The death drake breathes miasma at you. The foul vapour misses you.
Okay, then.
A red film seems to cover your vision as you go berserk!
You feel yourself moving faster!
You feel mighty!
You are engulfed in noxious fumes.
You feel less confused.
You feel extremely sick.
The death drake barely misses you. x2; The swamp drake closely misses you.
The swamp drake barely misses you. The death drake breathes miasma at you.
The foul vapour engulfs you!!
You are more poisoned.
You feel threatened and lose the ability to drink potions!
* * * LOW HITPOINT WARNING * * *
The death drake closely misses you.
You claw the death drake!
The death drake is lightly wounded.
* * * LOW HITPOINT WARNING * * *
You feel very sick.
The swamp drake misses you. x2; The death drake misses you.
The death drake bites you!
* * * LOW HITPOINT WARNING * * *
You barely miss the death drake.
The death drake is lightly wounded.
* * * LOW HITPOINT WARNING * * *
You feel very sick. The swamp drake bites you.
You die... ≈≈≈S≈§≈≈# ≈≈SSSS#

^.. +++#+++## ... # ...~....#
.^ .# .##+##..# #. .# ##.
.##.#### +.##.# #..#..#....#
^9.####
##.).####..#####kk##.#
###'###.##..#..'@.#.)# ?)
.##.##.#.#..#..#kk#.†#▓[$:)
#'.<.'###'..####..##.#▓=)!)(
.##.##.#.#....###..÷##▓▓▓▓▓▓▓
###'###.##......~~~~~~~~~~~~~
##...####~~.....~#'########+#
#.##..#~~~~~~~..~#.._._._.#§~
##.####~~~~~§~§.~#._._._..#~~
~##+##~~§≈≈§~§§§~#_._._._.#~~


You could see 2 death drakes, a crystal guardian and 2 swamp drakes.

Vanquished Creatures
  2 boulder beetles (D)
  2 manticores (D)
  A merfolk siren (D)
  A yaktaur (D)
  3 polar bears (D)
  A hornet (D)
  2 wyverns (D)
  4 neqoxecs (D)
  A vampire mosquito (D)
  Menkaure (D)
  A water moccasin (D)
19 creatures vanquished.

Vanquished Creatures (others)
  A manticore (D)
1 creature vanquished.

Grand Total: 20 creatures vanquished

Notes
Turn   | Place    | Note
-------+----------+-------------------------------------------
     0 | D        | sircluck the Troll Berserker began the quest for the Orb.
     0 | D        | Reached XP level 1. HP: 22/22 MP: 0/0
     1 | D        | Noticed a wyvern
     1 | D        | Noticed a wyvern
     5 | D        | Noticed a neqoxec
     5 | D        | Noticed a neqoxec
     5 | D        | Noticed a neqoxec
     5 | D        | Noticed a neqoxec
     5 | D        | Gained mutation: You occasionally lose the ability to drink
                  | potions when taking damage. [a neqoxec]
    12 | D        | Killed a neqoxec
    13 | D        | Reached skill level 5 in Fighting
    13 | D        | Reached skill level 5 in Dodging
    13 | D        | Reached skill level 6 in Unarmed Combat
    13 | D        | Reached XP level 2. HP: 35/35 MP: 1/1
    13 | D        | Reached XP level 3. HP: 42/42 MP: 2/2
    13 | D        | Reached XP level 4. HP: 50/50 MP: 3/3
    16 | D        | Killed a neqoxec
    17 | D        | Reached skill level 8 in Unarmed Combat
    17 | D        | Reached XP level 5. HP: 59/59 MP: 4/4
    23 | D        | Killed a neqoxec
    23 | D        | Reached ** piety under Trog
    24 | D        | Reached skill level 9 in Unarmed Combat
    24 | D        | Reached XP level 6. HP: 66/71 MP: 5/5
    31 | D        | Killed a neqoxec
    32 | D        | Reached XP level 7. HP: 46/78 MP: 6/6
    59 | D        | Noticed a boulder beetle
    59 | D        | Noticed a boulder beetle
    63 | D        | Noticed a merfolk siren
    73 | D        | Killed a merfolk siren
    74 | D        | Reached skill level 10 in Unarmed Combat
   118 | D        | Killed a wyvern
   118 | D        | Reached *** piety under Trog
   119 | D        | Reached skill level 11 in Unarmed Combat
   121 | D        | Killed a wyvern
   122 | D        | Reached XP level 8. HP: 70/89 MP: 7/7
   166 | D        | Killed a boulder beetle
   167 | D        | Reached skill level 12 in Unarmed Combat
   167 | D        | Killed a boulder beetle
   168 | D        | Reached skill level 10 in Dodging
   168 | D        | Reached skill level 13 in Unarmed Combat
   168 | D        | Reached XP level 9. HP: 84/101 MP: 8/8
   204 | D        | Found Celolub's Distillery.
   204 | D        | Found Umeohuem's Jewellery Shoppe.
   204 | D        | Found Bygoa's Antique Armour Shoppe.
   204 | D        | Found Hecaf's Book Emporium.
   205 | D        | Found Bugiejei's Jewellery Emporium.
   205 | D        | Found Eneajas's Antique Weapon Shoppe.
   205 | D        | Found Xylull's Distillery.
   206 | D        | Found Caih's Assorted Antiques.
   206 | D        | Found Pof Per's Magic Scroll Shoppe.
   206 | D        | Found Queklot's Antique Weapon Shoppe.
   207 | D        | Found Ceomokurgh's Antique Weapon Emporium.
   207 | D        | Noticed Menkaure
   208 | D        | Reached **** piety under Trog
   209 | D        | Reached skill level 10 in Fighting
   215 | D        | Killed Menkaure
   216 | D        | Reached skill level 14 in Unarmed Combat
   220 | D        | Found Wiar Asch's Antique Armour Shoppe.
   220 | D        | Found Syozxadgh's Jewellery Emporium.
   220 | D        | Noticed an oklob plant
   221 | D        | Found Ytufieh's Distillery.
   221 | D        | Found Siesetik's Book Shoppe.
   225 | D        | Noticed a death yak
   263 | D        | Bought an amulet of regeneration for 360 gold pieces
   303 | D        | Noticed Roxanne
   419 | D        | Found a hazy altar of Hepliaklqana.
   419 | D        | Found a snail-covered altar of Cheibriados.
   420 | D        | Found a stormy altar of Qazlal.
   420 | D        | Found a viscous altar of Jiyva.
   420 | D        | Found a shadowy altar of Dithmenos.
   421 | D        | Found a sacrificial altar of Ru.
   421 | D        | Found an ancient bone altar of Kikubaaqudgha.
   421 | D        | Found a white marble altar of Elyvilon.
   422 | D        | Found an ornate altar of the Wu Jian Council.
   422 | D        | Found a shimmering blue altar of Sif Muna.
   422 | D        | Found a corrupted altar of Lugonu.
   423 | D        | Found a shimmering altar of Xom.
   423 | D        | Found a bloodstained altar of Trog.
   423 | D        | Found a burning altar of Makhleb.
   424 | D        | Found a glowing golden altar of the Shining One.
   424 | D        | Found a basalt altar of Yredelemnul.
   424 | D        | Found a hide-covered altar of Uskayaw.
   425 | D        | Found a glowing silver altar of Zin.
   425 | D        | Found a radiant altar of Vehumet.
   425 | D        | Noticed a polar bear
   425 | D        | Noticed a polar bear
   431 | D        | Killed a polar bear
   431 | D        | Reached ***** piety under Trog
   432 | D        | Noticed a polar bear
   434 | D        | Noticed a yaktaur
   435 | D        | Killed a polar bear
   439 | D        | Killed a polar bear
   444 | D        | Killed a yaktaur
   445 | D        | Reached skill level 15 in Unarmed Combat
   488 | D        | Noticed a manticore
   496 | D        | Found a blossoming altar of Fedhas.
   496 | D        | Found a sparkling altar of Nemelex Xobeh.
   497 | D        | Found an opulent altar of Gozag.
   497 | D        | Found an iron altar of Okawaru.
   508 | D        | Noticed an ice statue
   528 | D        | Noticed a manticore
   528 | D        | Noticed a manticore
   532 | D        | Killed a manticore
   532 | D        | Received a gift from Trog
   533 | D        | Reached XP level 10. HP: 78/111 MP: 9/9
   536 | D        | Killed a manticore
   537 | D        | Reached skill level 16 in Unarmed Combat
   538 | D        | Noticed a death drake
   545 | D        | HP: 5/113 [manticore (7)]
   545 | D        | Killed a manticore
   637 | D        | Noticed a death drake
   724 | D        | Noticed a crystal guardian
   730 | D        | HP: 5/169 [death drake (10)]
   731 | D        | HP: 1/169 [poisoned by a death drake (foul vapour)]
   731 | D        | Slain by a swamp drake

Illustrated notes

Levels and vault maps discovered:
D:        the_violet_keep_of_menkaure [sprint2_stairs_cluster_1,
          sprint2_shoproom, sprint2_temple, sprint2_basic_supplies,
          sprint2_obstacle_6, sprint2_obstacle_2, sprint2_obstacle_7,
          sprint2_obstacle_4, sprint2_obstacle_3, sprint2_timed_cluster_1,
          sprint2_smallroom_cluster_1, sprint2_smallroom_final_cluster_1,
          sprint2_transparent_cluster_1, sprint2_second_timed_cluster_1,
          sprint2_sniper_area_1, sprint2_heavy_combat_area_1,
          sprint2_mutation_trap_area_1, sprint2_forest_area_1,
          sprint2_light_combat_area_1, sprint2_behind_water_1,
          sprint2_near_end_vault_1]

Skill      XL: |  1  2  3  4  5  6  7  8  9 10 |
---------------+-------------------------------+-----
Fighting       | 5 6 7 8 9 10 11 | 11.1
Dodging        | 5 6 7 9 10 11 | 11.5
Unarmed Combat | 6 8 9 11 13 15 16 | 16.2
Stealth        | |  0.5

Action                     |  1- 3 |  4- 6 |  7- 9 | 10-12 || total
---------------------------+-------+-------+-------+-------++-------
  Melee: Unarmed           |     5 |    19 |    53 |    15 ||    92
         Punch             |       |       |     3 |     1 ||     4
 Invoke: Berserk           |     1 |       |     3 |       ||     4
    Use: Potion            |       |       |       |     2 ||     2
         Scroll            |       |       |       |     1 ||     1
   Stab: Confused          |       |       |       |     2 ||     2
 Armour: Animal skin       |       |     1 |     8 |     4 ||    13
  Dodge: Dodged            |     1 |     1 |    24 |    30 ||    56

Table legend: (Time is in decaauts)
 A = Elapsed time spent in this place.
 B = Non-inter-level travel time spent in this place.
 C = Inter-level travel time spent in this place.
 D = Time resting spent in this place.
 E = Time spent auto-exploring this place.
 F = Levels seen in this place.
 G = Mean time per level.
                   A        B        C        D        E       F      G
               +--------+--------+--------+--------+--------+-----+--------+
         Total |    747 |    744 |      3 |    332 |    169 |   1 |  747.0 |
       Dungeon |    747 |    744 |      3 |    332 |    169 |   1 |  747.0 |
               +--------+--------+--------+--------+--------+-----+--------+

Top non-repeatable levels by time:
       D: 747 daAuts
